MLB
ATLANTA BRAVES @ BOSTON RED SOX
08/18/2046
 
TOP OF THE 1ST
Atlanta Braves batting - Pitching for Boston Red Sox : RHP Jeremy Hernandez
Pitching: RHP Jeremy Hernandez
Batting: RHB Marc Peckermark 0-0: Ball
1-0: Swinging Strike
1-1: Swinging Strike
1-2: Foul Ball, location: 2F
1-2: Strikes out swinging
Batting: RHB Jeckel Hester 0-0: Called Strike
0-1: Ball
1-1: Foul Ball, location: 2F
1-2: Strikes out swinging
Batting: RHB Jordan Martin 0-0: Called Strike
0-1: Ball
1-1: Ball
2-1: DOUBLE (Line Drive, 7LM, EV 104.4 MPH)
Batting: RHB Luis Torres 0-0: Swinging Strike
0-1: Ball
1-1: Foul Ball, location: 2F
1-2: Ball
2-2: Strikes out swinging
Top of the 1st over - 0 runs, 1 hit, 0 errors, 1 left on base; Atlanta 0 - Boston 0
BOTTOM OF THE 1ST
Boston Red Sox batting - Pitching for Atlanta Braves : RHP Kevin Ovens-Toots
Pitching: RHP Kevin Ovens-Toots
Batting: RHB Alois Wollf 0-0: Called Strike
0-1: Ground out 4-3 (Groundball, 4MS, EV 74.4 MPH)
Batting: LHB Mike Mentzer 0-0: Swinging Strike
0-1: Foul Ball, location: 2F
0-2: Ball
1-2: Strikes out swinging
Batting: RHB Cesar Breceda 0-0: Ball
1-0: Called Strike
1-1: Foul Ball, location: 2F
1-2: Ball
2-2: Foul Ball, location: 2F
2-2: Fly out, F9 (Flyball, 9LM, EV 99.4 MPH)
Bottom of the 1st over - 0 runs, 0 hits, 0 errors, 0 left on base; Atlanta 0 - Boston 0
TOP OF THE 2ND
Atlanta Braves batting - Pitching for Boston Red Sox : RHP Jeremy Hernandez
Batting: LHB Colin Worthington 0-0: Ball
1-0: Ball
2-0: Called Strike
2-1: Ball
3-1: Swinging Strike
3-2: Ground out 2-3 (Groundball, 13S, EV 61.9 MPH)
Batting: RHB Xavier Davis 0-0: Foul Ball, location: 2F
0-1: Ground out 6-3 (Groundball, 6, EV 99.4 MPH)
Batting: LHB Per Meulengracht 0-0: Called Strike
0-1: Ball
1-1: Called Strike
1-2: Foul Ball, location: 2F
1-2: Strikes out swinging
Top of the 2nd over - 0 runs, 0 hits, 0 errors, 0 left on base; Atlanta 0 - Boston 0
BOTTOM OF THE 2ND
Boston Red Sox batting - Pitching for Atlanta Braves : RHP Kevin Ovens-Toots
Batting: LHB Kevin McCormic Jr. 0-0: Ground out 6-3 (Groundball, 6S, EV 64.4 MPH)
Batting: SHB Marvin Lawrence 0-0: Ball
1-0: Called Strike
1-1: Ground out 6-3 (Groundball, 6, EV 96.2 MPH)
Batting: RHB Pedro Nin 0-0: Ball
1-0: Ball
2-0: Foul Ball, location: 2F
2-1: Fly out, F9 (Line Drive, 9S, EV 97.5 MPH)
Bottom of the 2nd over - 0 runs, 0 hits, 0 errors, 0 left on base; Atlanta 0 - Boston 0
TOP OF THE 3RD
Atlanta Braves batting - Pitching for Boston Red Sox : RHP Jeremy Hernandez
Batting: RHB Zhi-bin Ou-yang 0-0: Ball
1-0: Swinging Strike
1-1: Ball
2-1: Foul Ball, location: 2F
2-2: Strikes out swinging
Batting: LHB Matt Sigurdson 0-0: Called Strike
0-1: Ball
1-1: Ball
2-1: Called Strike
2-2: Fly out, F6 (Line Drive, 4M, EV 69.4 MPH)
Batting: RHB Marc Peckermark 0-0: Ball
1-0: Foul Ball, location: 2F
1-1: Swinging Strike
1-2: TRIPLE (Flyball, 9D, EV 87.5 MPH)
Batting: RHB Jeckel Hester 0-0: Foul Ball, location: 2F
0-1: Swinging Strike
0-2: Ball
1-2: Ball
2-2: DOUBLE (Line Drive, 9LD, EV 103.1 MPH)
Marc Peckermark scores
Batting: RHB Jordan Martin 0-0: Ball
1-0: Called Strike
1-1: Called Strike
1-2: Ball
2-2: Ground out 4-3 (Groundball, 4, EV 87.5 MPH)
Top of the 3rd over - 1 run, 2 hits, 0 errors, 1 left on base; Atlanta 1 - Boston 0
BOTTOM OF THE 3RD
Boston Red Sox batting - Pitching for Atlanta Braves : RHP Kevin Ovens-Toots
Batting: LHB Shoichi Aso 0-0: Foul Ball, location: 2F
0-1: Ball
1-1: Foul Ball, location: 2F
1-2: Strikes out swinging
Batting: SHB Robbie Rogers 0-0: Swinging Strike
0-1: Ground out 5-3 (Groundball, 56, EV 103.1 MPH)
Batting: LHB Tim Fuller 0-0: Ball
1-0: Ground out 6-3 (Groundball, 6D, EV 110.0 MPH)
Bottom of the 3rd over - 0 runs, 0 hits, 0 errors, 0 left on base; Atlanta 1 - Boston 0
TOP OF THE 4TH
Atlanta Braves batting - Pitching for Boston Red Sox : RHP Jeremy Hernandez
Batting: RHB Luis Torres 0-0: Ball
1-0: Ball
2-0: Called Strike
2-1: Called Strike
2-2: Fly out, F9 (Flyball, 89M, EV 83.8 MPH)
Batting: LHB Colin Worthington 0-0: Ball
1-0: Swinging Strike
1-1: Swinging Strike
1-2: Foul Ball, location: 2F
1-2: SOLO HOME RUN (Flyball, 9LD, EV 88.8 MPH), Distance : 325 ft
Batting: RHB Xavier Davis 0-0: Called Strike
0-1: Ball
1-1: Called Strike
1-2: Ball
2-2: Ball
3-2: Strikes out swinging
Batting: LHB Per Meulengracht 0-0: Foul Ball, location: 2F
0-1: Ball
1-1: Ball
2-1: Foul Ball, location: 2F
2-2: Fly out, F7 (Flyball, 7, EV 85.6 MPH)
Top of the 4th over - 1 run, 1 hit, 0 errors, 0 left on base; Atlanta 2 - Boston 0
BOTTOM OF THE 4TH
Boston Red Sox batting - Pitching for Atlanta Braves : RHP Kevin Ovens-Toots
Batting: RHB Alois Wollf 0-0: Ball
1-0: Ball
2-0: Ground out 4-3 (Groundball, 4, EV 78.1 MPH)
Batting: LHB Mike Mentzer 0-0: Called Strike
0-1: Ball
1-1: Foul Ball, location: 2F
1-2: Fly out, F8 (Line Drive, 8LM, EV 90.6 MPH)
Batting: RHB Cesar Breceda 0-0: Foul Ball, location: 2F
0-1: Foul Ball, location: 2F
0-2: Ball
1-2: Foul Ball, location: 2F
1-2: Ball
2-2: Ball
3-2: Strikes out looking
Bottom of the 4th over - 0 runs, 0 hits, 0 errors, 0 left on base; Atlanta 2 - Boston 0
TOP OF THE 5TH
Atlanta Braves batting - Pitching for Boston Red Sox : RHP Jeremy Hernandez
Batting: RHB Zhi-bin Ou-yang 0-0: Ball
1-0: Foul Ball, location: 2F
1-1: Ground out 5-3 (Groundball, 15, EV 88.1 MPH)
Batting: LHB Matt Sigurdson 0-0: Swinging Strike
0-1: Foul Ball, location: 2F
0-2: Foul Ball, location: 2F
0-2: Ball
1-2: Ball
2-2: Ground out 5-3 (Groundball, 56, EV 103.1 MPH)
Batting: RHB Marc Peckermark 0-0: Called Strike
0-1: Foul Ball, location: 2F
0-2: Ball
1-2: Ground out U3 (Groundball, 34, EV 82.5 MPH)
Top of the 5th over - 0 runs, 0 hits, 0 errors, 0 left on base; Atlanta 2 - Boston 0
BOTTOM OF THE 5TH
Boston Red Sox batting - Pitching for Atlanta Braves : RHP Kevin Ovens-Toots
Batting: LHB Kevin McCormic Jr. 0-0: Foul Ball, location: 2F
0-1: Foul Ball, location: 2F
0-2: Ball
1-2: Fly out, F7 (Line Drive, 7LM, EV 106.9 MPH)
Batting: SHB Marvin Lawrence 0-0: Called Strike
0-1: Foul Ball, location: 2F
0-2: Strikes out swinging
Batting: RHB Pedro Nin 0-0: Called Strike
0-1: Ground out 6-3 (Groundball, 6, EV 110.6 MPH)
Bottom of the 5th over - 0 runs, 0 hits, 0 errors, 0 left on base; Atlanta 2 - Boston 0
TOP OF THE 6TH
Atlanta Braves batting - Pitching for Boston Red Sox : RHP Jeremy Hernandez
Batting: RHB Jeckel Hester 0-0: Foul Ball, location: 2F
0-1: Foul Ball, location: 2F
0-2: Fly out, F8 (Line Drive, 8RM, EV 90.0 MPH)
Batting: RHB Jordan Martin 0-0: Ball
1-0: Ball
2-0: Called Strike
2-1: Ball
3-1: Base on Balls
Batting: RHB Luis Torres 0-0: Swinging Strike
0-1: Foul Ball, location: 2F
0-2: Foul Ball, location: 2F
0-2: Strikes out swinging
Batting: LHB Colin Worthington 0-0: SINGLE (Groundball, 6D, EV 97.5 MPH)
Jordan Martin to second
Batting: RHB Xavier Davis 0-0: Swinging Strike
0-1: SINGLE (Groundball, 6D, EV 110.6 MPH)
Jordan Martin to third
Colin Worthington to second
Runner from 3rd tries for Home, SAFE, throw by CF to home
Pitching: RHP Fred Huber
Batting: LHB Per Meulengracht 0-0: Ball
1-0: Ground out 4-3 (Groundball, 4, EV 105.6 MPH)
Top of the 6th over - 1 run, 2 hits, 0 errors, 2 left on base; Atlanta 3 - Boston 0
BOTTOM OF THE 6TH
Boston Red Sox batting - Pitching for Atlanta Braves : RHP Kevin Ovens-Toots
Batting: LHB Shoichi Aso 0-0: Foul Ball, location: 2F
0-1: Called Strike
0-2: Ball
1-2: Foul Ball, location: 2F
1-2: Ball
2-2: Foul Ball, location: 2F
2-2: Ball
3-2: Base on Balls
Batting: SHB Robbie Rogers 0-0: Swinging Strike
0-1: Ball
Wild Pitch!
Shoichi Aso to second
1-1: Ball
2-1: Foul Ball, location: 2F
2-2: Ball
3-2: Strikes out looking
Batting: LHB Tim Fuller 0-0: SINGLE (Groundball, 6MD, EV 108.1 MPH)
Shoichi Aso to third
Runner from 3rd tries for Home, SAFE, throw by CF to home
Batting: RHB Alois Wollf 0-0: Ball
1-0: Ball
2-0: Foul Ball, location: 2F
2-1: Fly out, F7 (Line Drive, 78M, EV 94.4 MPH)
Batting: LHB Mike Mentzer 0-0: Foul Ball, location: 2F
0-1: Ball
1-1: SINGLE (Line Drive, 4D, EV 101.9 MPH)
Tim Fuller to second
Runner from 2nd tries for 3rd, SAFE, throw by RF made to third
Batting: RHB Cesar Breceda 0-0: Called Strike
0-1: Foul Ball, location: 2F
0-2: Ball
1-2: Foul Ball, location: 2F
1-2: Fly out, F7 (Flyball, 7, EV 93.1 MPH)
Bottom of the 6th over - 1 run, 2 hits, 0 errors, 2 left on base; Atlanta 3 - Boston 1
TOP OF THE 7TH
Atlanta Braves batting - Pitching for Boston Red Sox : RHP Fred Huber
Batting: RHB Zhi-bin Ou-yang 0-0: Called Strike
0-1: Foul Ball, location: 2F
0-2: Ball
1-2: SINGLE (Groundball, 6MD, EV 96.9 MPH)
Batting: LHB Matt Sigurdson 0-0: Sac Bunt to 25 - play at first, batter OUT! 1-3
Zhi-bin Ou-yang to second
Batting: RHB Marc Peckermark 0-0: Foul Ball, location: 2F
0-1: Called Strike
0-2: Fly out, F7 (Flyball, 78M, EV 92.5 MPH)
Batting: RHB Jeckel Hester 0-0: Foul Ball, location: 2F
0-1: Ball
1-1: Called Strike
1-2: Foul Ball, location: 2F
1-2: Strikes out swinging
Top of the 7th over - 0 runs, 1 hit, 0 errors, 1 left on base; Atlanta 3 - Boston 1
BOTTOM OF THE 7TH
Boston Red Sox batting - Pitching for Atlanta Braves : RHP Kevin Ovens-Toots
Batting: LHB Kevin McCormic Jr. 0-0: Called Strike
0-1: Ball
1-1: Ball
2-1: Called Strike
2-2: Strikes out swinging
Batting: SHB Marvin Lawrence 0-0: Called Strike
0-1: Ball
1-1: Ball
2-1: Foul Ball, location: 2F
2-2: Foul Ball, location: 2F
2-2: Ball
3-2: Ground out 4-3 (Groundball, 4, EV 82.5 MPH)
Batting: RHB Pedro Nin 0-0: Ball
1-0: Called Strike
1-1: Ball
2-1: Ball
3-1: Foul Ball, location: 2F
3-2: Foul Ball, location: 2F
3-2: Base on Balls
Batting: LHB Shoichi Aso 0-0: Ball
1-0: Ball
2-0: Ball
3-0: Base on Balls
Pedro Nin to second
Batting: SHB Robbie Rogers 0-0: Swinging Strike
0-1: Called Strike
0-2: SINGLE (Line Drive, 4M, EV 95.0 MPH)
Pedro Nin to third
Shoichi Aso to second
Runner from 3rd tries for Home, throw by CF and OUT! 8-2
Bottom of the 7th over - 0 runs, 1 hit, 0 errors, 2 left on base; Atlanta 3 - Boston 1
TOP OF THE 8TH
Atlanta Braves batting - Pitching for Boston Red Sox : RHP Fred Huber
Batting: RHB Jordan Martin 0-0: Ball
1-0: Foul Ball, location: 2F
1-1: Foul Ball, location: 2F
1-2: Strikes out looking
Batting: RHB Luis Torres 0-0: Ball
1-0: Called Strike
1-1: Ball
2-1: Ball
3-1: DOUBLE (Line Drive, 7LD, EV 112.5 MPH)
Batting: LHB Colin Worthington 0-0: Ball
1-0: Swinging Strike
1-1: SINGLE (Line Drive, 6MD, EV 101.9 MPH)
Luis Torres to third
Runner from 3rd tries for Home, SAFE, throw by CF to home
Batting: RHB Xavier Davis 0-0: Called Strike
0-1: Called Strike
0-2: Fly out, F5 (Popup, 56S, EV 81.9 MPH)
Batting: LHB Per Meulengracht 0-0: Called Strike
0-1: Ball
1-1: Called Strike
1-2: Ball
2-2: Fielders Choice at 2nd, 5-4 (Groundball, 5, EV 101.9 MPH)
Top of the 8th over - 1 run, 2 hits, 0 errors, 1 left on base; Atlanta 4 - Boston 1
BOTTOM OF THE 8TH
Boston Red Sox batting - Pitching for Atlanta Braves : RHP Kevin Ovens-Toots
Pitching: RHP Andy Kiefer
Batting: LHB Tim Fuller 0-0: Called Strike
0-1: Ground out 5-3 (Groundball, 56, EV 78.8 MPH)
Batting: RHB Alois Wollf 0-0: Called Strike
0-1: Ball
1-1: SINGLE (Groundball, 6MD, EV 98.1 MPH)
Batting: LHB Mike Mentzer 0-0: Called Strike
0-1: Foul Ball, location: 2F
0-2: Strikes out swinging
Batting: RHB Cesar Breceda 0-0: Swinging Strike
0-1: Ball
1-1: Called Strike
1-2: Ball
2-2: Ball
3-2: Base on Balls
Alois Wollf to second
Batting: LHB Kevin McCormic Jr. 0-0: Ball
1-0: Fly out, F9 (Flyball, 89D, EV 80.6 MPH)
Bottom of the 8th over - 0 runs, 1 hit, 0 errors, 2 left on base; Atlanta 4 - Boston 1
TOP OF THE 9TH
Atlanta Braves batting - Pitching for Boston Red Sox : RHP Fred Huber
Pitching: LHP Adam Schneidewind
Batting: RHB Zhi-bin Ou-yang 0-0: Called Strike
0-1: Ball
1-1: Called Strike
1-2: Ball
2-2: Ground out 4-3 (Groundball, 4, EV 105.6 MPH)
Batting: LHB Matt Sigurdson 0-0: Ball
1-0: Ball
2-0: Ball
3-0: Ground out 6-3 (Groundball, 6, EV 81.2 MPH)
Batting: RHB Marc Peckermark 0-0: Ground out U3 (Groundball, 3, EV 85.6 MPH)
Top of the 9th over - 0 runs, 0 hits, 0 errors, 0 left on base; Atlanta 4 - Boston 1
BOTTOM OF THE 9TH
Boston Red Sox batting - Pitching for Atlanta Braves : RHP Andy Kiefer
Pitching: RHP Victor Munoz
Batting: SHB Marvin Lawrence 0-0: Ball
1-0: Called Strike
1-1: SINGLE (Groundball, 4D, EV 101.9 MPH)
Batting: RHB Pedro Nin 0-0: Ball
1-0: Ground out 5-3 (Groundball, 56S, EV 65.0 MPH)
Marvin Lawrence to second
Batting: LHB Shoichi Aso 0-0: Swinging Strike
0-1: Ball
1-1: Foul Ball, location: 2F
1-2: Strikes out swinging
Batting: SHB Robbie Rogers 0-0: Ball
1-0: Fly out, F9 (Line Drive, 9S, EV 106.2 MPH)
Bottom of the 9th over - 0 runs, 1 hit, 0 errors, 1 left on base; Atlanta 4 - Boston 1
Tuesday, September 13th , 2022 - OOTP Baseball 23.7 Build 88